[Event "Late-Titled-Tuesday-Blitz-February-27-2024"]
[Site "Chess.com"]
[Date "2024.02.27"]
[Round "4"]
[White "Sanan_Sjugirov"]
[Black "GMVignirVatnar"]
[Result "1-0"]
[WhiteElo "2978"]
[BlackElo "2724"]
[TimeControl "180+1"]
[EndTime "14:42:16 PST"]
[Termination "Sanan_Sjugirov won by resignation"]

1. e4 e5 2. Nf3 Nc6 3. Bb5 Nf6 4. d3 Bc5 5. Bxc6 dxc6 6. Nbd2 Qe7 7. Nc4 Bd6 8. h3 b5 9. Ne3 Be6 10. O-O Nd7 11. a4 O-O 12. Nf5 Qf6 13. Bg5 Qg6 14. N5h4 Qh5 15. g4 Bxg4 16. hxg4 Qxg4+ 17. Ng2 f5 18. Be3 f4 19. Bd2 h5 20. Nh2 Qg5 21. Kh1 Nf6 22. Qf3 Qh6 23. Nh4 g5 24. Nf5 Qg6 25.
Qh3 g4 26. Qh4 Kf7 27. Bc3 Ke6 28. Rae1 b4 29. Bd2 c5 30. Rg1 Ng8 31. Nf3 Nh6 32.
Qg5 Rf6 33. Qxg6 Rxg6 34. N3h4 Rf6 35. Nxh6 Rxh6 36. Nf5 Rf6 37. Kg2 Rh8 38. Rh1 Be7 39.
Ng7+ Kf7 40. Nf5 Kf8 41. Rh2 Rf7 42. Reh1 Rfh7 43. c3 b3 44. f3 g3 45. Rh3 Bf6 46. d4 cxd4 47. cxd4 Kf7 48. Bc3 exd4 49. Nxd4 c5 50. Nf5 Bxc3 51. bxc3 Kf6 52. Nd6 Ke5 53.
Nc4+ Ke6 54. Rh4 Rb7 55. Rxf4 h4 56. Rfxh4 Rxh4 57. Rxh4 b2 58. Nxb2 Rxb2+ 59. Kxg3 Rb3 60. Rh6+ Ke5 61. Rh5+ Kd6 62. Rh6+ Ke5 63. c4 Rb4 64. Ra6 Rxc4 65. Rxa7 Rc1 66. Re7+ Kd6 67. Re8 c4 68. Rc8 Kd7 69. Rc5 Kd6 70. Rd5+ Ke6 71. Kf4 Ra1 72. Re5+ Kd6 73. Rd5+ Kc6 74. Ke5 Rxa4 75. Rd8 Kc7 76. Rd1 Ra5+ 77. Kd4 Ra3 78. f4 Rf3 79. f5 Kd6 80.
Ra1 c3 81. Ra6+ Ke7 82. Rc6 Kd7 83. Rxc3 Rf1 84. Ke5 Re1 85. Rd3+ Kc6 86. Rh3 Ra1 87. f6 Kc5 88. f7 Rf1 89. Ke6 Kd4 90. Ke7 Kxe4 91.
f8=Q 1-0

[Event "Late-Titled-Tuesday-Blitz-February-27-2024"]
[Site "Chess.com"]
[Date "2024.02.27"]
[Round "4"]
[White "KorolDimitriy75"]
[Black "GodzillaChessYoutube"]
[Result "1-0"]
[WhiteElo "2461"]
[BlackElo "2644"]
[TimeControl "180+1"]
[EndTime "14:42:54 PST"]
[Termination "KorolDimitriy75 won on time"]

1. d4 Nf6 2. c4 e6 3. Nc3 Bb4 4. Qc2 Nc6 5. Nf3 a5 6. e4 d6 7. Bd3 e5 8. d5 Ne7 9. O-O Bg4 10. Be2 Ng6 11. h3 Bd7 12. Bd3 a4 13. Be3 b6 14.
Nb5 O-O 15. Rfc1 h6 16. Bf1 Bc5 17. Qd2 Bxe3 18. Qxe3 Bxb5 19. cxb5 Nd7 20. Rc3 Nc5 21. Rac1 Ra7 22. b4 axb3 23. axb3 Ne7 24. b4 Nd7 25. Rc4 Nf6 26. Qc3 Ne8 27. g3 g6 28. h4 Kg7 29.
Bh3 f5 30. exf5 gxf5 31. Kg2 Nxd5 32. Qb2 Ndf6 33. Rd1 Nh5 34. Nxe5 Qf6 35. Nd3 Qxb2 36. Nxb2 f4 37. Rd2 f3+ 38. Kh2 Nhf6 39. Nd3 Ng8 40.
Nf4 Ne7 41. Ne6+ Kf7 42. Nxf8 Kxf8 43. Rd3 Ng6 44. Rxf3+ Ke7 45. Re4+ Ne5 46. Rfe3 Nf6 47. Rxe5+ dxe5 48. Rxe5+ Kf7 49. Rf5 Ra4 50. Rf4 Ke7 51.
Bg2 Ra2 52. Bc6 h5 53. Kg2 Ng4 54. Re4+ Kd6 55. Rf4 Ke5 56. Kg1 Ra1+ 57. Kg2 Ra2 58. Re4+ Kd6 59. Rf4 Rb2 60. Kg1 Ke6 61. Re4+ Kd6 62.
Rf4 Ke7 63. Kg2 Kd8 64. Bf3 Ne5 65. Bxh5 Nd3 66. Rf5 Nxb4 67. Bg6 Ke7 68. h5 Nd3 69. h6 Ne1+ 70. Kg1 Ra2 71. h7 Ra8 72. Re5+ Kf6 73.
Rxe1 Kxg6 74. Re7 Rc8 75. Rxc7 Rh8 76. Rc6+ Kf5 77. Rxb6 Rxh7 78. Rc6 Ke4 79. Rc3 Kd4 80. Re3 Rh5 81. Kg2 Rxb5 82. Rf3 Rb2 83. Rf4+ Ke5 84. Rf3 Rc2 85. g4 Ke4 86. Rf5 Rc7 87.
Kg3 Rc1 88. f3+ Ke3 89. Re5+ Kd4 90. Re7 Rc8 91. g5 Kd5 92. Kg4 Kd6 93. Re4 Rc1 94. f4 Kd5 95. Re5+ Kd6 96. g6 Rg1+ 97. Kf5 Rf1 98. Re4 Kd5 99. Re8 Kd6 100. g7 Rg1 101. g8=Q 1-0

[Event "Late-Titled-Tuesday-Blitz-February-27-2024"]
[Site "Chess.com"]
[Date "2024.02.27"]
[Round "5"]
[White "Bkmzzzzz"]
[Black "giovannibrandao7"]
[Result "1-0"]
[WhiteElo "2404"]
[BlackElo "2223"]
[TimeControl "180+1"]
[EndTime "14:50:02 PST"]
[Termination "Bkmzzzzz won by resignation"]

1. e4 c5 2. Nf3 d6 3. d4 cxd4 4. Qxd4 Nf6 5. Nc3 Nc6 6. Bb5 Bd7 7. Qd3 e6 8. Bg5 Be7 9. O-O-O O-O 10. e5 Nxe5 11. Nxe5 1-0

[Event "Late-Titled-Tuesday-Blitz-February-27-2024"]
[Site "Chess.com"]
[Date "2024.02.27"]
[Round "5"]
[White "Roedor"]
[Black "DeArron_Fox"]
[Result "0-1"]
[WhiteElo "2297"]
[BlackElo "2471"]
[TimeControl "180+1"]
[EndTime "14:50:28 PST"]
[Termination "DeArron_Fox won by resignation"]

1. c4 e6 2. g3 d5 3. Bg2 Nf6 4. Nf3 Be7 5. d4 O-O 6. O-O c6 7. Nbd2 b6 8. Qc2 Ba6 9. Rd1 Nbd7 10. Ne5 Rc8 11. e4 c5 12. exd5 exd5 13. dxc5 Nxe5 0-1

[Event "Late-Titled-Tuesday-Blitz-February-27-2024"]
[Site "Chess.com"]
[Date "2024.02.27"]
[Round "5"]
[White "N_Mullodzhanov"]
[Black "northridgehawk"]
[Result "1-0"]
[WhiteElo "2452"]
[BlackElo "2274"]
[TimeControl "180+1"]
[EndTime "14:51:46 PST"]
[Termination "N_Mullodzhanov won by resignation"]

1. e4 e6 2. d4 d5 3. Nd2 Nf6 4. e5 Nfd7 5. Bd3 c5 6. c3 Nc6 7. Ne2 Be7 8. O-O O-O 9. Nf3 f5 10. g3 Rb8 11. Be3 c4 12. Bc2 b5 13. a3 a5 14. h4 b4 15. axb4 axb4 16. Ba4 Qc7 17. Bg5 Nb6 18. Bxc6 Bxg5 19. Nxg5 Qxc6 20. Nf4 bxc3 21.
bxc3 g6 22. h5 h6 23. Nxg6 hxg5 24. Ne7+ 1-0

[Event "Late-Titled-Tuesday-Blitz-February-27-2024"]
[Site "Chess.com"]
[Date "2024.02.27"]
[Round "5"]
[White "C_K_G"]
[Black "TheAlienParty"]
[Result "1-0"]
[WhiteElo "2170"]
[BlackElo "2376"]
[TimeControl "180+1"]
[EndTime "14:51:57 PST"]
[Termination "C_K_G won by checkmate"]

1. e4 e5 2. Nf3 Nc6 3. Bc4 Bc5 4. c3 Nf6 5. d4 exd4 6. cxd4 Bb4+ 7. Nc3 d5 8. exd5 Nxd5 9. O-O Nxc3 10. bxc3 Bxc3 11. Qb3 Bb4 12. Bxf7+ Kf8 13. d5 Kxf7 14. dxc6+ Be6 15. Qxb4 bxc6 16. Ng5+ Kf6 17. Qc3+ Kg6 18. Nxe6 Kh5 19. Nxd8 Kg4 20. Qe5 h5 21. Qg5# 1-0

[Event "Late-Titled-Tuesday-Blitz-February-27-2024"]
[Site "Chess.com"]
[Date "2024.02.27"]
[Round "5"]
[White "cassoulet"]
[Black "ProChessWICTH"]
[Result "1-0"]
[WhiteElo "2770"]
[BlackElo "2557"]
[TimeControl "180+1"]
[EndTime "14:52:32 PST"]
[Termination "cassoulet won by checkmate"]

1. d4 d5 2. Bf4 c6 3. e3 Nf6 4. Nf3 e6 5. Nbd2 Bd6 6. Bg3 Qc7 7. c3 Nbd7 8. Bd3 e5 9. dxe5 Nxe5 10. Nxe5 Bxe5 11. Nf3 Bxg3 12. hxg3 Bg4 13. Qc2 Bxf3 14. gxf3 h6 15. g4 O-O-O 16. O-O-O Rhe8 17. f4 Kb8 18. g5 hxg5 19. fxg5 Ne4 20. Bxe4 Rxe4 21. Rh7 Qe5 22. f4 Qe8 23. Rxg7 Rxe3 24. Qf5 Re1 25. Qxf7 Qe3+ 26. Kc2 Qe4+ 27. Kb3 Qc4+ 28. Ka3 Qa6+ 29. Kb3 Rxd1 30. Qc7+ Ka8 31. Qxd8# 1-0

[Event "Late-Titled-Tuesday-Blitz-February-27-2024"]
[Site "Chess.com"]
[Date "2024.02.27"]
[Round "5"]
[White "Mikayel99"]
[Black "grzechu96"]
[Result "1-0"]
[WhiteElo "2564"]
[BlackElo "2746"]
[TimeControl "180+1"]
[EndTime "14:52:35 PST"]
[Termination "Mikayel99 won by resignation"]

1. e4 c5 2. Nf3 d6 3. Bb5+ Bd7 4. Bxd7+ Nxd7 5. O-O Ngf6 6. Re1 e6 7. b3 Be7 8. Bb2 O-O 9. d4 cxd4 10. Bxd4 a6 11. Nbd2 Rc8 12. c4 b5 13. Qe2 Qa5 14.
Rec1 b4 15. e5 dxe5 16. Nxe5 Nxe5 17. Qxe5 Bc5 18. Ne4 Bxd4 19. Nxf6+ gxf6 20. Qxa5 Bxa1 21. Rxa1 Rfd8 22. Qxb4 Rd7 23. g3 Kg7 24. Rc1 f5 25. c5 Rc6 26. a3 Rd5 27. Qc3+ Kf8 28. Qh8+ Ke7 29. b4 Rd3 30. Qa8 1-0

[Event "Late-Titled-Tuesday-Blitz-February-27-2024"]
[Site "Chess.com"]
[Date "2024.02.27"]
[Round "5"]
[White "fidetrainerNET"]
[Black "Yahisalem"]
[Result "1-0"]
[WhiteElo "2402"]
[BlackElo "2039"]
[TimeControl "180+1"]
[EndTime "14:52:35 PST"]
[Termination "fidetrainerNET won by resignation"]

1. c4 d6 2. d4 Nf6 3. Nc3 g6 4. e4 Bg7 5. Be2 O-O 6. g4 Nc6 7.
d5 Ne5 8. g5 Ne8 9. f4 Nd7 10.
h4 e6 11. h5 exd5 12. cxd5 c6 13. hxg6 fxg6 14. Nf3 Qe7 15. dxc6 bxc6 16. Qb3+ d5 17. exd5 Nc5 18. d6+ Nxb3 19. dxe7 Rf7 20. axb3 Rxe7 21. Kf2 Bg4 22. Bc4+ Kf8 23. Be3 Bh5 24. Bc5 Rd8 25.
Bxe7+ Kxe7 26. Rxa7+ Kd6 27. Rd1+ 1-0

[Event "Late-Titled-Tuesday-Blitz-February-27-2024"]
[Site "Chess.com"]
[Date "2024.02.27"]
[Round "5"]
[White "BabageldiAnnaberdiyev"]
[Black "Akhayan"]
[Result "1-0"]
[WhiteElo "2649"]
[BlackElo "2428"]
[TimeControl "180+1"]
[EndTime "14:52:37 PST"]
[Termination "BabageldiAnnaberdiyev won by resignation"]

1. e4 c5 2. Nf3 e6 3. d3 Nf6 4.
Nbd2 Nc6 5. g3 d5 6. Bg2 dxe4 7. dxe4 Be7 8. O-O O-O 9. c3 b6 10. Re1 Ba6 11. Qa4 Bb7 12. e5 Nd7 13. Nf1 Qc7 14. Bf4 h6 15. h4 a6 16. N1h2 b5 17. Qc2 c4 18. Ng4 Kh8 19. Rad1 Nc5 20. Bxh6 gxh6 21. Qd2 f6 22. Qxh6+ Kg8 23. exf6 1-0

[Event "Late-Titled-Tuesday-Blitz-February-27-2024"]
[Site "Chess.com"]
[Date "2024.02.27"]
[Round "5"]
[White "ozates"]
[Black "Josetricks"]
[Result "1-0"]
[WhiteElo "2618"]
[BlackElo "2471"]
[TimeControl "180+1"]
[EndTime "14:52:50 PST"]
[Termination "ozates won by resignation"]

1. e4 g6 2. d4 Bg7 3. Nc3 c6 4. Nf3 d5 5. h3 dxe4 6. Nxe4 Nf6 7. Bd3 Nxe4 8. Bxe4 O-O 9. O-O Nd7 10. Re1 c5 11.
Be3 cxd4 12. Bxd4 e5 13. Bc3 Qc7 14. a4 a6 15. Bb4 Rd8 16. Bd6 Qb6 17. a5 Qxb2 18.
Bc7 Re8 19. Bd5 Qc3 20. Bxf7+ Kxf7 21. Ng5+ Kf6 22. Ne4+ 1-0

[Event "Late-Titled-Tuesday-Blitz-February-27-2024"]
[Site "Chess.com"]
[Date "2024.02.27"]
[Round "5"]
[White "Casper"]
[Black "OverallStranger"]
[Result "0-1"]
[WhiteElo "2520"]
[BlackElo "2398"]
[TimeControl "180+1"]
[EndTime "14:52:53 PST"]
[Termination "OverallStranger won by checkmate"]

1. e4 c5 2. d4 cxd4 3. Qxd4 Nc6 4. Qe3 Nf6 5. Nc3 d6 6. Bd2 g6 7. O-O-O Bg7 8. h4 h5 9. Nf3 Ng4 10. Qe1 Qb6 11. Be3 Nxe3 12. fxe3 Be6 13. Ng5 Bxa2 14. b3 Bxb3 15. cxb3 Qxb3 16. Qf2 Qxc3+ 17. Qc2 Qxe3+ 18. Kb1 O-O 19. Bc4 Nb4 20. Qa4 Qc3 21. Qb3 Qa1# 0-1

[Event "Late-Titled-Tuesday-Blitz-February-27-2024"]
[Site "Chess.com"]
[Date "2024.02.27"]
[Round "5"]
[White "bipe137"]
[Black "Adar_07"]
[Result "0-1"]
[WhiteElo "2578"]
[BlackElo "2788"]
[TimeControl "180+1"]
[EndTime "14:52:54 PST"]
[Termination "Adar_07 won by resignation"]

1. d4 Nf6 2. c4 e6 3. Nc3 c5 4. d5 exd5 5. cxd5 g6 6. e4 d6 7.
Nf3 a6 8. a4 Bg4 9. Qb3 Bxf3 10. Qxb7 Nbd7 11. gxf3 Bg7 12. Be2 O-O 13. Qb3 Nh5 14. f4 Qh4 15. Bxh5 Qxh5 16. Qd1 Qh3 17. Be3 Rab8 18. Qe2 Rb4 19. O-O-O Rfb8 20. Qxa6 Rxb2 21.
Nb5 Qf3 22. Rd2 Qxh1+ 0-1

[Event "Late-Titled-Tuesday-Blitz-February-27-2024"]
[Site "Chess.com"]
[Date "2024.02.27"]
[Round "5"]
[White "McCarthyStone"]
[Black "lluiss"]
[Result "1-0"]
[WhiteElo "2355"]
[BlackElo "2133"]
[TimeControl "180+1"]
[EndTime "14:52:58 PST"]
[Termination "McCarthyStone won by resignation"]

1. c4 e6 2. Nc3 d5 3. cxd5 exd5 4. d4 c6 5. Bf4 Bd6 6. Bxd6 Qxd6 7. Nf3 Nf6 8. Qc2 O-O 9. e3 Re8 10. Bd3 h6 11. O-O Be6 12. Rab1 Nbd7 13. b4 a6 14. a4 Nb6 15. Ne5 Nfd7 16. f4 f6 17. Bh7+ Kf8 18. Ng6+ Kf7 19. f5 Bxf5 20. Qxf5 Rxe3 21. Nd1 Re2 22. Qh5 Ke6 23. Qxe2+ 1-0

[Event "Late-Titled-Tuesday-Blitz-February-27-2024"]
[Site "Chess.com"]
[Date "2024.02.27"]
[Round "5"]
[White "miraitrunks"]
[Black "Nemsko"]
[Result "0-1"]
[WhiteElo "2218"]
[BlackElo "2394"]
[TimeControl "180+1"]
[EndTime "14:53:02 PST"]
[Termination "Nemsko won by resignation"]

1. d4 Nf6 2. c4 e6 3. Nc3 Bb4 4.
e3 d5 5. Bd3 O-O 6. a3 Bd6 7.
Nf3 c6 8. O-O Nbd7 9. b4 Qe7 10.
b5 e5 11. dxe5 Nxe5 12. Bb2 Nxd3 13. Qxd3 dxc4 14. Qxc4 Be6 15. Qh4 h6 16. bxc6 bxc6 17. Nd4 Bd7 18. Nce2 Rab8 19. Bc3 Rfe8 20. Ng3 Nd5 21.
Qxe7 Bxe7 22. Rfc1 Nxc3 23. Rxc3 c5 24. Ndf5 Bf6 25.
Rac1 Bxc3 26. Rxc3 Bxf5 0-1

[Event "Late-Titled-Tuesday-Blitz-February-27-2024"]
[Site "Chess.com"]
[Date "2024.02.27"]
[Round "5"]
[White "otrov-11"]
[Black "db-banana"]
[Result "1-0"]
[WhiteElo "2621"]
[BlackElo "2482"]
[TimeControl "180+1"]
[EndTime "14:53:04 PST"]
[Termination "otrov-11 won by resignation"]

1. d4 Nf6 2. c4 c5 3. d5 e6 4. Nc3 exd5 5. cxd5 Bd6 6. g3 O-O 7. Bg2 Qe7 8. Nf3 Bc7 9. O-O d6 10. Nd2 a6 11. a4 Nbd7 12. h3 Ba5 13. Nc4 Bc7 14. a5 b5 15. axb6 Nxb6 16. Na5 Bd7 17.
Re1 Nc8 18. e4 Bxa5 19. Rxa5 Ra7 20. Be3 Qd8 21. Ra1 Nb6 22. e5 Ne8 23. exd6 Nxd6 24. Bxc5 Qc7 25. b4 Rc8 26. Qh5 g6 27. Qg5 Nb7 28.
Bd4 1-0

[Event "Late-Titled-Tuesday-Blitz-February-27-2024"]
[Site "Chess.com"]
[Date "2024.02.27"]
[Round "5"]
[White "aistrel"]
[Black "Alphafischer2019"]
[Result "0-1"]
[WhiteElo "2545"]
[BlackElo "2706"]
[TimeControl "180+1"]
[EndTime "14:53:06 PST"]
[Termination "Alphafischer2019 won by resignation"]

1. d4 Nf6 2. Nc3 c5 3. d5 d6 4. e4 g6 5. Bf4 Bg7 6. Qd2 Nbd7 7. Nf3 a6 8. e5 dxe5 9. Nxe5 Nxe5 10. Bxe5 O-O 11.
O-O-O b5 12. f3 Bb7 13. d6 c4 14. dxe7 Qxe7 15. Bd6 Qe6 16. Bxf8 Bxf8 17. Be2 b4 18.
Ne4 Bxe4 19. fxe4 c3 20. bxc3 Qxa2 21. Qd4 Bh6+ 0-1

[Event "Late-Titled-Tuesday-Blitz-February-27-2024"]
[Site "Chess.com"]
[Date "2024.02.27"]
[Round "5"]
[White "thesupera12"]
[Black "jinxy2009"]
[Result "0-1"]
[WhiteElo "2456"]
[BlackElo "2170"]
[TimeControl "180+1"]
[EndTime "14:53:12 PST"]
[Termination "jinxy2009 won by resignation"]

1. h3 e5 2. g4 d5 3. Bg2 c6 4. d4 e4 5. c4 Bd6 6. Nc3 Be6 7. cxd5 cxd5 8. Qb3 Ne7 9. Qxb7 Nbc6 10. Bg5 f6 11.
Bc1 O-O 12. e3 Rb8 13. Qa6 Nb4 14. Qa4 Nd3+ 15. Kf1 f5 16. g5 f4 17. h4 fxe3 18.
Bxe3 Rxb2 19. Nge2 Nf5 20. Bf4 Bxf4 21. Nxf4 Rxf2+ 22. Kg1 Rxf4 23. Qxa7 Ne3 24. h5 Qxg5 25. Rh2 Rf1+ 0-1

[Event "Late-Titled-Tuesday-Blitz-February-27-2024"]
[Site "Chess.com"]
[Date "2024.02.27"]
[Round "5"]
[White "Mikhail646464"]
[Black "DryCounty"]
[Result "0-1"]
[WhiteElo "2360"]
[BlackElo "2661"]
[TimeControl "180+1"]
[EndTime "14:53:40 PST"]
[Termination "DryCounty won by resignation"]

1. Nf3 Nf6 2. g3 g6 3. Bg2 Bg7 4. O-O O-O 5. d4 d6 6. b3 a5 7. a4 Nc6 8. Bb2 Bf5 9. Nbd2 Qd7 10. Re1 Bh3 11. Bh1 Rfe8 12. e4 e5 13. d5 Nb4 14.
Ng5 Bg4 15. f3 Bh6 16. h4 Bh5 17. Nf1 Bg7 18. g4 h6 19. gxh5 hxg5 20. hxg6 fxg6 21. hxg5 Nh5 22. Qd2 Nf4 23. Bg2 Qe7 24. Ne3 Qxg5 25. Ng4 Nh3+ 0-1

[Event "Late-Titled-Tuesday-Blitz-February-27-2024"]
[Site "Chess.com"]
[Date "2024.02.27"]
[Round "5"]
[White "pinguino120"]
[Black "Anna20240"]
[Result "1-0"]
[WhiteElo "2369"]
[BlackElo "1911"]
[TimeControl "180+1"]
[EndTime "14:53:42 PST"]
[Termination "pinguino120 won by resignation"]

1. d4 d5 2. Nc3 c6 3. e4 dxe4 4. Nxe4 Bf5 5. Ng3 Bg6 6. h4 h6 7.
h5 Bh7 8. Bd3 Bxd3 9. Qxd3 Nf6 10. Nf3 Nbd7 11. Bd2 e6 12. O-O-O Qc7 13. Rhe1 O-O-O 14.
Kb1 Bd6 15. Ne4 Nxe4 16. Qxe4 Nf6 17. Qd3 Nxh5 18. c4 Nf6 19. g3 Rhe8 20. Bc3 Ng4 21. Qc2 Nf6 22. c5 Be7 23. Qa4 a6 24. Ba5 Qd7 25.
Ne5 Qd5 26. Bxd8 Rxd8 27. Nxf7 Qf5+ 28. Qc2 Rf8 29. Qxf5 exf5 30. Rxe7 Nd5 31. Nd6+ Kd8 32. Rxb7 1-0

[Event "Late-Titled-Tuesday-Blitz-February-27-2024"]
[Site "Chess.com"]
[Date "2024.02.27"]
[Round "5"]
[White "Evandro_Barbosa"]
[Black "lucliasco"]
[Result "1/2-1/2"]
[WhiteElo "2674"]
[BlackElo "2886"]
[TimeControl "180+1"]
[EndTime "14:53:48 PST"]
[Termination "Game drawn by agreement"]

1. Nf3 d5 2. g3 Bg4 3. Bg2 Nd7 4. d4 e6 5. O-O c6 6. Nbd2 Ngf6 7.
Re1 Be7 8. e4 O-O 9. c3 Nxe4 10.
Nxe4 dxe4 11. Rxe4 Bf5 12. Re1 h6 13. Qb3 Qb6 14.
Nd2 Qxb3 15. axb3 a6 16. Nc4 Rad8 17. Na5 c5 18. Nxb7 cxd4 19. Nxd8 Rxd8 20. cxd4 Bb4 21. Rf1 Bd3 22. Be3 Bxf1 23. Bxf1 a5 24. Rc1 Nf6 25.
Bg2 Nd5 26. Kf1 Nxe3+ 27. fxe3 Bd2 28. Rd1 Bxe3 29. d5 exd5 30. Rxd5 Rxd5 31. Bxd5 Bd4 32.
Ke2 Bxb2 33. Kf3 Kf8 34. Bc4 Ke7 35. h4 Ba3 36. h5 Kf6 37. g4 Bb4 38. Bd3 Ke5 39. Bc4 f6 40. Bd3 Kd4 41. Bg6 Bd6 42.
Bf7 Kc5 43. Bg8 Kb4 44. Ke4 Bc5 45. Kf5 Be3 46. Kg6 Bg5 47. Kxg7 a4 48. bxa4 Kxa4 49. Kg6 1/2-1/2

[Event "Late-Titled-Tuesday-Blitz-February-27-2024"]
[Site "Chess.com"]
[Date "2024.02.27"]
[Round "5"]
[White "cthake"]
[Black "CheckBits"]
[Result "0-1"]
[WhiteElo "1821"]
[BlackElo "2368"]
[TimeControl "180+1"]
[EndTime "14:53:50 PST"]
[Termination "CheckBits won by resignation"]

1. b3 e5 2. Bb2 Nc6 3. e3 a6 4. c4 Nf6 5. d4 exd4 6. exd4 d5 7.
Nf3 Bb4+ 8. Nc3 O-O 9. Be2 Ne4 10. Qd3 Bf5 11. Qe3 Re8 12. Qc1 dxc4 13. d5 Qxd5 14. O-O Nxc3 15. Bxc4 Qxc4 16. Qg5 Qg4 17. Qxg4 Bxg4 18.
Rac1 Ne2+ 0-1

[Event "Late-Titled-Tuesday-Blitz-February-27-2024"]
[Site "Chess.com"]
[Date "2024.02.27"]
[Round "5"]
[White "rhungaski"]
[Black "Matalon"]
[Result "1-0"]
[WhiteElo "2599"]
[BlackElo "2448"]
[TimeControl "180+1"]
[EndTime "14:53:53 PST"]
[Termination "rhungaski won by checkmate"]

1. e4 c5 2. Nf3 d6 3. d4 cxd4 4. Nxd4 Nf6 5. Nc3 e5 6. Bb5+ Nbd7 7. Nf5 a6 8. Bxd7+ Qxd7 9. Ne3 Qc6 10. Qd3 Be7 11. a4 O-O 12. O-O Be6 13. a5 Rac8 14. Ncd5 Bxd5 15. exd5 Qd7 16. c4 e4 17. Qd4 Rfe8 18. h3 Bf8 19. b4 Nh5 20. Bb2 g6 21. Qh8# 1-0

[Event "Late-Titled-Tuesday-Blitz-February-27-2024"]
[Site "Chess.com"]
[Date "2024.02.27"]
[Round "5"]
[White "yuriydovzik"]
[Black "epiclord678"]
[Result "0-1"]
[WhiteElo "2124"]
[BlackElo "2393"]
[TimeControl "180+1"]
[EndTime "14:53:53 PST"]
[Termination "epiclord678 won by resignation"]

1. e4 c5 2. Nf3 d6 3. Bb5+ Nd7 4. O-O Nf6 5. Re1 e6 6. c3 a6 7. Bf1 Be7 8. d4 cxd4 9. cxd4 O-O 10. e5 Nd5 11. a3 b5 12. Bd3 Bb7 13. Nbd2 dxe5 14. dxe5 Nc5 15. Bb1 Nf4 16. Qc2 Ncd3 17. Re3 Rc8 18.
Rxd3 Nxd3 0-1

[Event "Late-Titled-Tuesday-Blitz-February-27-2024"]
[Site "Chess.com"]
[Date "2024.02.27"]
[Round "5"]
[White "Viktor_Poddubnyi"]
[Black "DonMicheleCorleone"]
[Result "0-1"]
[WhiteElo "2272"]
[BlackElo "2533"]
[TimeControl "180+1"]
[EndTime "14:53:56 PST"]
[Termination "DonMicheleCorleone won on time"]

1. e4 e6 2. d4 d5 3. Nd2 dxe4 4. Nxe4 Nd7 5. Nf3 Ngf6 6. Bd3 Nxe4 7. Bxe4 Nf6 8. Bg5 c5 9. Qd3 cxd4 10. O-O-O Qa5 11.
Bxf6 gxf6 12. Qxd4 Be7 13. Bxb7 Bxb7 14. Qd7+ Kf8 15. Qxb7 Re8 16. Kb1 Kg7 17. Rd7 Rb8 18. Qxa7 Rxb2+ 19. Kc1 Qc3 20. Qa4 Rhb8 0-1

[Event "Late-Titled-Tuesday-Blitz-February-27-2024"]
[Site "Chess.com"]
[Date "2024.02.27"]
[Round "5"]
[White "Msb2"]
[Black "LyonBeast"]
[Result "1/2-1/2"]
[WhiteElo "3027"]
[BlackElo "3134"]
[TimeControl "180+1"]
[EndTime "14:54:10 PST"]
[Termination "Game drawn by repetition"]

1. d4 Nf6 2. c4 g6 3. Nc3 d5 4.
cxd5 Nxd5 5. e4 Nxc3 6. bxc3 Bg7 7. Nf3 c5 8. Bb5+ Nc6 9. O-O O-O 10. Bxc6 bxc6 11. Qc2 Qa5 12. a4 cxd4 13. cxd4 Bg4 14. Ne5 Bxe5 15. dxe5 Qxe5 16. Bb2 Qf4 17. Qc5 Qd6 18. Qc3 f6 19. f3 Be6 20. Rfd1 Qc7 21. Qc5 Rad8 22. h4 Kf7 23. Ba3 Rxd1+ 24. Rxd1 Rb8 25.
Bb4 Qb6 26. Rd4 Qxc5 27. Bxc5 a5 28. Kh2 h6 29. Kg3 g5 30. hxg5 hxg5 31. Rd2 Rb7 32. Rd8 Bb3 33. Ra8 Bxa4 34. Rxa5 Rb5 35. Rxb5 cxb5 36. Kf2 Bc2 37. Ke3 e5 38. g3 Ke6 39.
Bb4 Bd1 40. g4 Bb3 41. Ba3 Bc4 42. Bb4 Bb3 43. Ba3 Bc4 44. Bb4 Bb3 1/2-1/2

[Event "Late-Titled-Tuesday-Blitz-February-27-2024"]
[Site "Chess.com"]
[Date "2024.02.27"]
[Round "5"]
[White "zsizsi99"]
[Black "maximnovik"]
[Result "0-1"]
[WhiteElo "2445"]
[BlackElo "2599"]
[TimeControl "180+1"]
[EndTime "14:54:20 PST"]
[Termination "maximnovik won by checkmate"]

1. e4 c6 2. Nf3 d5 3. exd5 cxd5 4.
Ne5 Nf6 5. d4 g6 6. Bd3 Bg7 7. O-O O-O 8. c3 Nc6 9. Qe2 Nxe5 10.
dxe5 Nd7 11. f4 Nc5 12. Be3 Nxd3 13. Qxd3 Bf5 14. Qd4 f6 15. exf6 Bxf6 16. Qb4 a5 17.
Qb5 d4 18. Rd1 dxe3 19. Rxd8 Raxd8 20. Na3 Bd3 21. Qxb7 e5 22. f5 gxf5 23. Re1 f4 24.
c4 Kh8 25. c5 Rg8 26. c6 Be4 27. g3 fxg3 28. Qf7 gxh2+ 29. Kxh2 Rd2+ 30. Kh3 Bf5# 0-1

[Event "Late-Titled-Tuesday-Blitz-February-27-2024"]
[Site "Chess.com"]
[Date "2024.02.27"]
[Round "5"]
[White "gxbg2000"]
[Black "kalxandria"]
[Result "1-0"]
[WhiteElo "1940"]
[BlackElo "2141"]
[TimeControl "180+1"]
[EndTime "14:54:21 PST"]
[Termination "gxbg2000 won by resignation"]

1. e4 e5 2. Nf3 Nc6 3. d4 exd4 4. Nxd4 Bc5 5. Nxc6 Qf6 6. Qd2 dxc6 7. Bd3 Be6 8.
O-O O-O-O 9. Nc3 Ne7 10. Qg5 Qxg5 11. Bxg5 f6 12. Bh4 Ng6 13. Bg3 h5 14. h3 h4 15. Bh2 Ne5 16. Rad1 Rd7 17. Bxe5 fxe5 18. Be2 Rhd8 19. Rxd7 Rxd7 20. Rd1 Rxd1+ 21. Bxd1 Bd4 22. Kf1 Bxc3 23. bxc3 Bxa2 24. Ke2 Bc4+ 25. Kf3 a5 26. Be2 Bxe2+ 27. Kxe2 a4 28. Kd2 b5 29. Kc1 c5 30.
Kb2 b4 31. cxb4 cxb4 32. g3 hxg3 33. fxg3 Kd7 34. h4 Ke6 35. g4 Kf6 36. Ka2 Ke6 37.
Kb2 c5 38. Ka2 c4 39. Kb2 c3+ 40. Ka2 Kd6 41. h5 Ke6 42. g5 Kf7 43. Ka1 b3 44. Kb1 bxc2+ 45. Kxc2 a3 46. Kxc3 g6 47. h6 Kg8 48. Kb3 Kh7 49. Kxa3 Kg8 50. Kb4 Kf7 51. Kc5 Kg8 52. Kd5 Kh7 53. Ke6 Kh8 54. Kf7 Kh7 55. Kf6 Kh8 56. Kxg6 Kg8 57. Kf6 Kh7 58. Kxe5 Kg6 59.
Kd6 Kh7 60. Ke7 1-0

[Event "Late-Titled-Tuesday-Blitz-February-27-2024"]
[Site "Chess.com"]
[Date "2024.02.27"]
[Round "5"]
[White "PositionalPanther"]
[Black "Sacbutt"]
[Result "1-0"]
[WhiteElo "2503"]
[BlackElo "2337"]
[TimeControl "180+1"]
[EndTime "14:54:23 PST"]
[Termination "PositionalPanther won by resignation"]

1. Nf3 d5 2. g3 e6 3. Bg2 Nf6 4. O-O Be7 5. c4 O-O 6. b3 c6 7. Bb2 Nbd7 8. d3 Re8 9. Nbd2 b6 10. e4 dxe4 11. Nxe4 Nxe4 12. dxe4 b5 13. Nd4 Qb6 14. e5 bxc4 15. Bxc6 Rb8 16. Be4 Nxe5 17. Qh5 Ng6 18.
Nc6 Bb7 19. Bxg6 hxg6 20. Nxe7+ Rxe7 21. Qe5 1-0

[Event "Late-Titled-Tuesday-Blitz-February-27-2024"]
[Site "Chess.com"]
[Date "2024.02.27"]
[Round "5"]
[White "IraZyne"]
[Black "reevecanada"]
[Result "0-1"]
[WhiteElo "2346"]
[BlackElo "2614"]
[TimeControl "180+1"]
[EndTime "14:54:26 PST"]
[Termination "reevecanada won by checkmate"]

1. e4 c5 2. Nc3 Nc6 3. g3 g6 4. Bg2 Bg7 5. d3 e6 6. Be3 Nge7 7. Bxc5 d6 8. Be3 O-O 9. Nge2 d5 10. d4 b6 11. O-O Bb7 12. exd5 exd5 13. Nf4 Na5 14. b3 Rc8 15. Nce2 Nf5 16. Qd2 Nxe3 17.
fxe3 Re8 18. Rae1 Qd6 19. Nc3 Qb4 20. Nfe2 Re7 21. Qd3 Qd6 22. Nf4 Rec7 23. Ncxd5 Rxc2 24. e4 Rxa2 25. e5 Qd7 26. Nf6+ Bxf6 27. exf6 Bxg2 28. Nxg2 Rcc2 29. Ne3 Rxh2 30. Qe4 h5 31. Qe7 Qc6 32. Qd8+ Kh7 33. d5 Qc5 34. Qe7 Rag2# 0-1